[ AOE2 MATCH · #508108465 ]
UnrankedMongols vs Persians
Player's team · LOSS
Rival team · WIN
[ REPLAY ANALYSIS · EXTRACTED FROM THE RECORDED GAME ]
Feudal
8:51
Castle
22:38
Imperial
—
| APM avg | 59.7 |
| APM peak | 90 |
| eAPM avg | 25.2 |
| Villagers / military | 58 / 30 |
Focus
⚔️ 29.9% · 🌾 70.1%
Archer ×19 · Militia ×4 · Spearman ×3 · Cavalry Archer ×3 · Skirmisher ×1
Feudal
8:56
Castle
23:42
Imperial
—
| APM avg | 62.7 |
| APM peak | 136 |
| eAPM avg | 21.7 |
| Villagers / military | 49 / 36 |
Focus
⚔️ 27.5% · 🌾 72.5%
Archer ×35 · Skirmisher ×1
Match map
Initial resources + every placement click. Lines = walls · curves = elevation contours. ◆ gold · ⬟ stone · ● berries · ✦ relic · ◌ wall gap
Your base· Open — 6t gap
alex_a025's base· Open — 4t gap
Smoothed initial terrain · ◌ = detected wall gap · hover for details
Inputs per minute
— Cronos - - alex_a025
Build order — Cronos
First 150 of 157 actions detected
| 0:00 | Queue | Villager (Male) |
| 0:02 | Build | House |
| 0:02 | Build | House |
| 0:10 | Queue | Villager (Male) |
| 0:10 | Queue | Villager (Male) |
| 0:18 | Queue | Villager (Male) |
| 0:18 | Queue | Villager (Male) |
| 1:33 | Queue | Villager (Male) |
| 1:52 | Build | Lumber Camp |
| 2:01 | Queue | Villager (Male) |
| 2:01 | Queue | Villager (Male) |
| 2:16 | Queue | Villager (Male) |
| 2:16 | Queue | Villager (Male) |
| 2:48 | Queue | Villager (Male) |
| 2:48 | Queue | Villager (Male) |
| 3:04 | Queue | Villager (Male) |
| 3:04 | Queue | Villager (Male) |
| 3:20 | Build | House |
| 3:33 | Queue | Villager (Male) |
| 3:34 | Queue | Villager (Male) |
| 3:47 | Queue | Villager (Male) |
| 3:48 | Queue | Villager (Male) |
| 4:18 | Queue | Villager (Male) |
| 4:19 | Queue | Villager (Male) |
| 4:54 | Queue | Villager (Male) |
| 5:06 | Build | Barracks |
| 5:33 | Queue | Villager (Male) |
| 5:43 | Build | House |
| 6:03 | Research | Loom |
| 6:33 | Research | Feudal Age |
| 6:46 | Build | Mining Camp |
| 6:47 | Queue | Militia |
| 7:08 | Queue | Militia |
| 7:30 | Queue | Militia |
| 7:31 | Queue | Militia |
| 7:46 | Build | Mill |
| 8:11 | Build | House |
| 8:13 | Build | Palisade Wall |
| 8:51 | Age | Feudal Age |
| 8:53 | Research | Man-at-Arms (upgrade) |
| 9:31 | Queue | Villager (Male) |
| 9:50 | Queue | Spearman |
| 9:51 | Queue | Villager (Male) |
| 9:55 | Build | Archery Range |
| 10:07 | Build | Mill |
| 10:14 | Queue | Villager (Male) |
| 10:21 | Build | Palisade Wall |
| 10:23 | Queue | Villager (Male) |
| 10:29 | Build | Farm |
| 10:32 | Research | Double-Bit Axe |
| 10:32 | Research | Double-Bit Axe |
| 10:38 | Queue | Villager (Male) |
| 10:55 | Queue | Archer |
| 10:55 | Queue | Archer |
| 10:55 | Queue | Archer |
| 10:58 | Build | Palisade Wall |
| 11:08 | Build | Farm |
| 11:14 | Queue | Archer |
| 11:16 | Queue | Spearman |
| 11:26 | Queue | Villager (Male) |
| 11:26 | Queue | Villager (Male) |
| 11:37 | Queue | Archer |
| 11:40 | Build | House |
| 11:42 | Queue | Villager (Male) |
| 11:48 | Build | Farm |
| 12:09 | Queue | Villager (Male) |
| 12:10 | Build | Farm |
| 12:12 | Queue | Spearman |
| 12:21 | Build | House |
| 12:34 | Queue | Villager (Male) |
| 12:35 | Build | Farm |
| 12:45 | Queue | Villager (Male) |
| 12:50 | Queue | Archer |
| 13:03 | Queue | Villager (Male) |
| 13:34 | Queue | Archer |
| 13:45 | Queue | Villager (Male) |
| 13:50 | Build | Farm |
| 13:56 | Queue | Archer |
| 13:58 | Build | Farm |
| 14:01 | Queue | Villager (Male) |
| 14:06 | Build | Farm |
| 14:25 | Queue | Villager (Male) |
| 14:28 | Build | Farm |
| 14:47 | Queue | Archer |
| 14:52 | Queue | Villager (Male) |
| 14:59 | Build | Blacksmith |
| 15:32 | Queue | Archer |
| 15:34 | Research | Fletching |
| 15:35 | Research | Fletching |
| 15:37 | Queue | Villager (Male) |
| 15:39 | Build | Farm |
| 15:41 | Build | Farm |
| 15:46 | Build | House |
| 15:49 | Build | House |
| 15:50 | Build | House |
| 15:51 | Build | Palisade Wall |
| 15:52 | Queue | Villager (Male) |
| 15:58 | Queue | Archer |
| 16:03 | Queue | Villager (Male) |
| 16:06 | Build | Palisade Wall |
| 16:08 | Build | Palisade Wall |
| 16:08 | Build | Palisade Wall |
| 16:11 | Queue | Villager (Male) |
| 16:26 | Queue | Villager (Male) |
| 16:31 | Build | Farm |
| 16:40 | Research | Horse Collar |
| 16:41 | Research | Horse Collar |
| 16:49 | Queue | Villager (Male) |
| 16:51 | Queue | Archer |
| 16:58 | Queue | Villager (Male) |
| 17:02 | Queue | Skirmisher |
| 17:05 | Build | Palisade Wall |
| 17:08 | Queue | Villager (Male) |
| 17:18 | Queue | Archer |
| 17:20 | Queue | Villager (Male) |
| 17:23 | Build | Farm |
| 17:33 | Queue | Villager (Male) |
| 17:55 | Queue | Villager (Male) |
| 17:57 | Build | House |
| 17:59 | Build | House |
| 18:04 | Queue | Villager (Male) |
| 18:11 | Queue | Archer |
| 18:17 | Queue | Villager (Male) |
| 18:25 | Build | Lumber Camp |
| 18:32 | Queue | Archer |
| 19:02 | Queue | Archer |
| 19:10 | Queue | Villager (Male) |
| 19:18 | Build | Palisade Wall |
| 19:34 | Queue | Archer |
| 19:58 | Research | Castle Age |
| 20:19 | Queue | Archer |
| 20:39 | Queue | Archer |
| 20:47 | Build | Archery Range |
| 20:53 | Queue | Villager (Male) |
| 21:15 | Build | Farm |
| 21:18 | Build | Farm |
| 21:29 | Build | Farm |
| 21:30 | Build | Farm |
| 21:31 | Build | Farm |
| 21:38 | Build | Farm |
| 21:47 | Build | House |
| 21:47 | Build | Palisade Wall |
| 21:58 | Build | Watch Tower |
| 22:11 | Queue | Villager (Male) |
| 22:22 | Build | Lumber Camp |
| 22:38 | Age | Castle Age |
| 22:39 | Research | Bodkin Arrow |
| 22:39 | Research | Bodkin Arrow |
| 22:45 | Research | Gold Mining |
| 22:53 | Queue | Cavalry Archer |
Build order — alex_a025
First 150 of 159 actions detected
| 0:02 | Queue | Villager (Male) |
| 0:02 | Queue | Villager (Male) |
| 0:03 | Build | House |
| 0:05 | Build | House |
| 0:22 | Queue | Villager (Male) |
| 0:22 | Queue | Villager (Male) |
| 0:23 | Queue | Villager (Male) |
| 0:23 | Queue | Villager (Male) |
| 1:38 | Queue | Villager (Male) |
| 1:38 | Queue | Villager (Male) |
| 1:59 | Queue | Villager (Male) |
| 1:59 | Queue | Villager (Male) |
| 2:45 | Queue | Villager (Male) |
| 2:48 | Queue | Villager (Male) |
| 3:01 | Build | Lumber Camp |
| 3:22 | Build | House |
| 3:27 | Build | House |
| 3:32 | Queue | Villager (Male) |
| 3:58 | Queue | Villager (Male) |
| 4:12 | Queue | Villager (Male) |
| 4:42 | Queue | Villager (Male) |
| 4:44 | Queue | Villager (Male) |
| 5:34 | Queue | Villager (Male) |
| 5:45 | Build | Mill |
| 5:56 | Queue | Villager (Male) |
| 6:08 | Queue | Villager (Male) |
| 6:27 | Research | Loom |
| 6:53 | Research | Feudal Age |
| 6:56 | Build | Mining Camp |
| 6:59 | Build | Palisade Wall |
| 7:00 | Build | Palisade Wall |
| 7:10 | Build | Palisade Wall |
| 7:11 | Build | Palisade Wall |
| 7:11 | Build | Palisade Wall |
| 7:12 | Build | Palisade Wall |
| 7:15 | Build | Palisade Wall |
| 7:16 | Build | Palisade Wall |
| 7:16 | Build | Palisade Wall |
| 7:17 | Build | Palisade Wall |
| 7:24 | Build | Palisade Wall |
| 7:25 | Build | Palisade Wall |
| 7:26 | Build | Palisade Wall |
| 7:26 | Build | Palisade Wall |
| 7:27 | Build | Palisade Wall |
| 7:27 | Build | Palisade Wall |
| 7:27 | Build | Palisade Wall |
| 7:28 | Build | Palisade Wall |
| 7:28 | Build | Palisade Wall |
| 7:29 | Build | Palisade Wall |
| 7:30 | Build | Palisade Wall |
| 7:30 | Build | Palisade Wall |
| 7:34 | Build | Palisade Wall |
| 8:28 | Queue | Villager (Male) |
| 8:36 | Build | Barracks |
| 8:56 | Age | Feudal Age |
| 9:02 | Research | Double-Bit Axe |
| 9:55 | Queue | Villager (Male) |
| 9:58 | Build | Archery Range |
| 10:06 | Queue | Villager (Male) |
| 10:13 | Build | Blacksmith |
| 10:29 | Queue | Villager (Male) |
| 10:37 | Build | Farm |
| 10:51 | Queue | Archer |
| 11:03 | Queue | Archer |
| 11:05 | Queue | Villager (Male) |
| 11:07 | Build | Farm |
| 11:22 | Build | Farm |
| 11:25 | Build | Farm |
| 11:26 | Queue | Villager (Male) |
| 11:36 | Build | House |
| 11:40 | Research | Wheelbarrow |
| 11:58 | Build | Farm |
| 12:01 | Queue | Archer |
| 12:06 | Build | House |
| 12:15 | Queue | Villager (Male) |
| 12:39 | Queue | Archer |
| 12:43 | Queue | Villager (Male) |
| 13:10 | Queue | Villager (Male) |
| 13:28 | Queue | Archer |
| 13:38 | Queue | Villager (Male) |
| 13:48 | Build | Archery Range |
| 13:51 | Queue | Villager (Male) |
| 13:53 | Queue | Archer |
| 14:07 | Queue | Archer |
| 14:18 | Research | Fletching |
| 14:35 | Research | Padded Archer Armor |
| 14:37 | Queue | Skirmisher |
| 14:53 | Queue | Archer |
| 14:57 | Build | Farm |
| 14:58 | Build | Farm |
| 15:14 | Queue | Archer |
| 15:15 | Queue | Villager (Male) |
| 15:33 | Queue | Villager (Male) |
| 15:35 | Build | House |
| 15:36 | Build | House |
| 15:40 | Queue | Archer |
| 15:50 | Build | Farm |
| 15:52 | Build | Farm |
| 15:54 | Build | Farm |
| 15:56 | Build | Farm |
| 15:57 | Queue | Villager (Male) |
| 16:02 | Build | House |
| 16:06 | Queue | Archer |
| 16:22 | Build | Farm |
| 16:26 | Build | Farm |
| 16:26 | Queue | Villager (Male) |
| 16:35 | Queue | Villager (Male) |
| 16:37 | Queue | Archer |
| 16:52 | Queue | Archer |
| 16:56 | Build | Farm |
| 16:57 | Queue | Villager (Male) |
| 17:23 | Queue | Archer |
| 17:23 | Queue | Archer |
| 17:24 | Queue | Villager (Male) |
| 17:51 | Build | Farm |
| 18:01 | Queue | Archer |
| 18:01 | Queue | Archer |
| 18:18 | Queue | Villager (Male) |
| 18:24 | Queue | Villager (Male) |
| 18:51 | Build | Mill |
| 19:00 | Queue | Archer |
| 19:00 | Queue | Archer |
| 19:00 | Queue | Villager (Male) |
| 19:03 | Research | Gold Mining |
| 19:15 | Queue | Villager (Male) |
| 19:30 | Queue | Archer |
| 19:31 | Queue | Archer |
| 19:33 | Build | House |
| 19:34 | Queue | Villager (Male) |
| 19:54 | Queue | Villager (Male) |
| 19:55 | Build | House |
| 19:56 | Build | House |
| 20:15 | Queue | Archer |
| 20:15 | Queue | Archer |
| 20:44 | Queue | Villager (Male) |
| 20:44 | Queue | Villager (Male) |
| 20:47 | Build | Farm |
| 20:50 | Build | Farm |
| 20:51 | Build | Farm |
| 21:02 | Queue | Villager (Male) |
| 21:06 | Build | House |
| 21:16 | Research | Castle Age |
| 21:22 | Queue | Archer |
| 21:22 | Queue | Archer |
| 21:43 | Queue | Archer |
| 21:44 | Queue | Archer |
| 22:08 | Queue | Archer |
| 22:08 | Queue | Archer |
| 22:19 | Queue | Villager (Male) |
| 22:22 | Queue | Archer |
Match timeline
| 5:06 | Cronos · first_building Barracks |
| 6:59 | alex_a025 · wall_segment Palisade Wall x1 |
| 7:00 | alex_a025 · wall_segment Palisade Wall x1 |
| 7:10 | alex_a025 · wall_segment Palisade Wall x1 |
| 7:11 | alex_a025 · wall_segment Palisade Wall x1 |
| 7:11 | alex_a025 · wall_segment Palisade Wall x1 |
| 7:12 | alex_a025 · wall_segment Palisade Wall x1 |
| 7:15 | alex_a025 · wall_segment Palisade Wall x1 |
| 7:16 | alex_a025 · wall_segment Palisade Wall x1 |
| 7:16 | alex_a025 · wall_segment Palisade Wall x1 |
| 7:17 | alex_a025 · wall_segment Palisade Wall x1 |
| 7:24 | alex_a025 · wall_segment Palisade Wall x1 |
| 7:25 | alex_a025 · wall_segment Palisade Wall x1 |
| 7:26 | alex_a025 · wall_segment Palisade Wall x1 |
| 7:26 | alex_a025 · wall_segment Palisade Wall x1 |
| 7:27 | alex_a025 · wall_segment Palisade Wall x1 |
| 7:27 | alex_a025 · wall_segment Palisade Wall x2 |
| 7:27 | alex_a025 · wall_segment Palisade Wall x2 |
| 7:28 | alex_a025 · wall_segment Palisade Wall x1 |
| 7:28 | alex_a025 · wall_segment Palisade Wall x1 |
| 7:29 | alex_a025 · wall_segment Palisade Wall x1 |
| 7:30 | alex_a025 · wall_segment Palisade Wall x1 |
| 7:30 | alex_a025 · wall_segment Palisade Wall x1 |
| 7:34 | alex_a025 · wall_segment Palisade Wall x1 |
| 8:13 | Cronos · wall_segment Palisade Wall x1 |
| 8:36 | alex_a025 · first_building Barracks |
| 8:51 | Cronos · age_up feudal |
| 8:56 | alex_a025 · age_up feudal |
| 9:55 | Cronos · first_building Archery Range |
| 9:58 | alex_a025 · first_building Archery Range |
| 10:21 | Cronos · wall_segment Palisade Wall x1 |
| 10:58 | Cronos · wall_segment Palisade Wall x5 |
| 15:51 | Cronos · wall_segment Palisade Wall x1 |
| 16:06 | Cronos · wall_segment Palisade Wall x4 |
| 16:08 | Cronos · wall_segment Palisade Wall x8 |
| 16:08 | Cronos · wall_segment Palisade Wall x6 |
| 17:05 | Cronos · wall_segment Palisade Wall x8 |
| 19:18 | Cronos · wall_segment Palisade Wall x1 |
| 21:47 | Cronos · wall_segment Palisade Wall x8 |
| 22:38 | Cronos · age_up castle |
| 23:42 | alex_a025 · age_up castle |
| 23:43 | Cronos · wall_segment Palisade Wall x1 |
| 23:49 | Cronos · resign |
[ AI ANALYSIS · 1 CREDIT ]
What really happened in this match?
Wolo.gg analyzes every decision: build order, eco, micro, common mistakes by bracket. Personalized analysis on WhatsApp or Discord in 30 seconds.
Civ guide
Mongols
Perfil
Jugador #2540215